 Dungeon Crawl Stone Soup version 0.29.1-12-g30fa7ad0bf (webtiles) character file.

Game seed: 405657677607781288

7242 BabyfaceFinlayson the Covert (level 10, -10/47 HPs)
             Began as a Spriggan Enchanter on Dec 22, 2022.
             Mangled by Grum
             ... wielding a +0 spear
              (20 damage)
             ... on level 9 of the Dungeon.
             The game lasted 01:00:48 (14607 turns).

BabyfaceFinlayson the Covert (Spriggan Enchanter)  Turns: 14607, Time: 01:00:49

Health: -10/47     AC:  3    Str:  8    XL:     10   Next: 88%
Magic:  18/25      EV: 20    Int: 17    God:
Gold:   1141       SH:  0    Dex: 16    Spells: 15/29 levels left

rFire   . . .      SeeInvis +   y - +3 dagger (venom)
rCold   . . .      Faith    .   (no shield)
rNeg    . . .      Spirit   .   b - +1 robe
rPois   .          Reflect  .   (helmet restricted)
rElec   .          Harm     .   v - scarf {repulsion}
rCorr   +          Rampage  .   (gloves unavailable)
Will    +....                   (boots unavailable)
Stlth   ++++++....              (no amulet)
HPRegen 0.15/turn               g - ring of resist corrosion
MPRegen 0.19/turn               f - ring of wizardry

@: invisible, repel missiles, very quick
A: very small, no large weapons, unfitting armour, see invisible, speed 3
a: no special abilities


You were on level 9 of the Dungeon.
You visited 2 branches of the dungeon, and saw 10 of its levels.

You collected 1141 gold pieces.

Inventory:

Hand Weapons
 y - a +3 dagger of venom (weapon)
 A - a +0 demon whip of venom
Missiles
 x - 16 poisoned darts (quivered)
 D - a throwing net
Armour
 b - a +1 robe (worn)
 v - a scarf of repulsion (worn)
Jewellery
 f - a ring of wizardry (right hand)
 g - a ring of resist corrosion (left hand)
 w - an amulet of regeneration
 z - a +6 ring of intelligence
 C - a ring of positive energy
Wands
 o - a wand of light (2)
 t - a wand of flame (72)
 u - a wand of roots (4)
 B - a wand of mindburst (12)
Scrolls
 e - 2 scrolls of enchant armour
Potions
 c - a potion of invisibility
 d - 6 potions of might
 h - a potion of resistance {unknown}
 i - a potion of attraction
 j - 3 potions of curing
 l - a potion of brilliance {unknown}
 m - 2 potions of berserk rage {unknown}
 p - 2 potions of haste {unknown}
 q - 2 potions of ambrosia
 r - 3 potions of lignification
Miscellaneous
 s - a piece from Xom's chessboard (15/15)


   Skills:
 + Level 2.4 Fighting
 + Level 5.7 Short Blades
 + Level 0.2 Throwing
 + Level 5.7 Dodging
 + Level 14.4 Stealth
 + Level 10.3 Spellcasting
 + Level 0.3 Conjurations
 + Level 8.9 Hexes
 + Level 1.5 Transmutations
 + Level 1.1 Fire Magic
 + Level 3.2 Ice Magic
 + Level 2.0 Poison Magic
 + Level 2.1 Evocations


You had 15 spell levels left.
You knew the following spells:

 Your Spells              Type           Power      Damage    Failure   Level
a - Ensorcelled Hibernat  Hex/Ice        58%        N/A       1%          2
b - Confusing Touch       Hex            39%        N/A       1%          3
c - Conjure Flame         Conj/Fire      11%        6-21      8%          3
d - Ignite Poison         Fire/Tmut/Pois 14%        N/A       5%          3
e - Dazzling Flash        Conj/Hex       48%        N/A       1%          3

Your spell library contained the following spells:

 Spells                   Type           Power      Damage    Failure   Level
 Tukima's Dance           Hex            39%        N/A       1%          3
 Yara's Violent Unravell  Hex/Tmut       13%        3d7       11%         5
 Sticky Flame             Conj/Fire      11%        2d3       24%         4
 Passage of Golubria      Tloc           8%         N/A       32%         4


Dungeon Overview and Level Annotations

Branches:
Dungeon (9/15)             Temple (1/1) D:7
   Lair: D:8-11         Orc: D:9-12

Altars:
Ashenzari
Cheibriados
Dithmenos
Elyvilon
Fedhas
Gozag
Hepliaklqana
Kikubaaqudgha
Makhleb
Nemelex Xobeh
Okawaru
Qazlal
Ru
Trog
Uskayaw
Vehumet
Wu Jian
Xom
Yredelemnul
Zin
The Shining One

Annotations:
D:9 Grum


Innate Abilities, Weirdness & Mutations

You are very small and have problems with some larger weapons.
You are too small for most types of armour.
You have supernaturally acute eyesight. (SInv)
You cover ground extremely quickly. (Speed+++)


Message History

Press: ? - help, Shift-Dir - straight line, f - Grum
Aim: Grum, wielding a +0 spear and wearing a +0 animal skin (chance to affect: 67%) Grum looks drowsy...
The wolf howls! x2
The wolf bites you.
Grum growls angrily.
You hit Grum.
Grum is poisoned.
Grum is lightly wounded.
The wolf closely misses you.
Casting: Ensorcelled Hibernation (safe; 1% risk of failure)
Confirm with . or Enter, or press ? or * to list all spells.
You ignite the poison in your surroundings!
Grum seems to burn from within!!!
Grum is almost dead.
The wolf barely misses you. Grum barely misses you. Grum closely misses you.
The wolf misses you.
Items here: )) ? [.
You hit the wolf.
The wolf is poisoned.
The wolf is lightly wounded.
The wolf misses you.
Grum drinks a potion.
Grum is healed!
The wolf closely misses you.
You hit the wolf but do no damage. The wolf bites you! x2
You hit the wolf.
The wolf is poisoned.
The wolf is moderately wounded.
The wolf closely misses you. The wolf completely misses you.
Casting: Ignite Poison (dangerous; 5% risk of failure)
Confirm with . or Enter, or press ? or * to list all spells.
You ignite the poison in your surroundings!
The wolf seems to burn from within!!!
You kill the wolf!
The wolf seems to burn from within!!
You kill the wolf!
Grum hits you from afar with a +0 spear!
* * * LOW HITPOINT WARNING * * *
Okay, then.
You fade into invisibility!
Grum stares intently and growls.
Grum hits you from afar with a +0 spear!!
You die...

h..####........##########
.........................
.D.####..................
#..# .. ................ #.g#
..# #............. #..# #..#
#.............. #..# #..#
#..g............ #.g####..#
#..††........... .........#
#..@............ .........#
#...............
.........#####....<[.........
[.................)..........
.............................
......................######
.........####[.#####..#
......)..# #..# #..#
......)..####..# #..########


You could see Grum (unable to see you).

Vanquished Creatures
  Amaemon (D:8)
  5 gargoyles (D:7)
  An orange demon (D:8)
  Maggie (D:6)
  A hornet (D:8)
  A shadow (D:8)
  Eustachio (D:6)
  A steam dragon (D:8)
  Menkaure (D:7)
  Edmund (D:4)
  An acid dragon (D:9)
  3 water moccasins
  2 orc warriors
  An ice beast (D:8)
  2 black bears
  2 sky beasts (D:7)
  3 ogres
  2 wolves (D:9)
  A centaur (D:7)
  A phantom (D:6)
  3 kobold brigands
  6 bullfrogs
  2 necrophages (D:5)
  9 wights
  A howler monkey (D:6)
  4 electric eels
  4 hounds
  2 jellies
  3 gnoll boudas
  An orc priest (D:5)
  5 iguanas
  8 orc wizards
  12 gnolls
  10 adders
  A shadow imp (D:6)
  A white imp (D:5)
  3 ufetubi
  3 dart slugs
  The ghost of Descartes the Sneak, a weakling SpDe (D:5)
  23 orcs
  9 ball pythons
  4 endoplasms
  3 giant cockroaches
  5 goblins
  5 hobgoblins
  16 kobolds
  4 quokkas
  4 bats
  3 frilled lizards (D:1)
  4 rats
191 creatures vanquished.

Vanquished Creatures (others)
  A gargoyle (D:7)
  An orc (D:8)
  21 plants (D:7)
23 creatures vanquished.

Grand Total: 214 creatures vanquished

Notes
Turn   | Place    | Note
-------+----------+-------------------------------------------
     0 | D:1      | BabyfaceFinlayson the Spriggan Enchanter began the quest
                  | for the Orb.
     0 | D:1      | Reached XP level 1. HP: 9/9 MP: 5/5
   237 | D:1      | Reached XP level 2. HP: 13/13 MP: 7/7
   450 | D:1      | Learned a level 2 spell: Ensorcelled Hibernation
   478 | D:1      | Found a faded altar of an unknown god.
   493 | D:1      | Reached skill level 5 in Stealth
  1175 | D:1      | Reached XP level 3. HP: 12/16 MP: 8/8
  1179 | D:1      | Learned a level 3 spell: Confusing Touch
  2299 | D:2      | Reached XP level 4. HP: 21/21 MP: 9/9
  2855 | D:3      | Found an iron altar of Okawaru.
  3664 | D:4      | Reached skill level 6 in Stealth
  3693 | D:5      | Entered Level 5 of the Dungeon
  3693 | D:5      | Noticed an ogre
  4064 | D:4      | Reached XP level 5. HP: 24/25 MP: 11/11
  4262 | D:4      | Reached skill level 7 in Stealth
  4262 | D:4      | Reached XP level 6. HP: 11/29 MP: 5/13
  4615 | D:4      | Identified a scroll of acquirement
  4615 | D:4      | Acquired 738 gold pieces
  5069 | D:4      | Noticed Edmund
  5084 | D:4      | Killed Edmund
  5085 | D:4      | Reached skill level 1 in Ice Magic
  5430 | D:4      | Reached skill level 1 in Fighting
  5430 | D:4      | Reached skill level 5 in Hexes
  5665 | D:5      | Reached XP level 7. HP: 33/33 MP: 13/15
  5730 | D:5      | Reached skill level 8 in Stealth
  5873 | D:5      | Learned a level 3 spell: Conjure Flame
  5880 | D:5      | Reached skill level 5 in Spellcasting
  5943 | D:5      | Learned a level 3 spell: Ignite Poison
  6143 | D:5      | Reached skill level 9 in Stealth
  6312 | D:5      | Found a runed translucent door.
  6314 | D:5      | Noticed Descartes's ghost (weakling SpDe)
  6682 | D:5      | Killed Descartes's ghost
  6683 | D:5      | Reached XP level 8. HP: 30/37 MP: 14/17
  7271 | D:6      | Noticed Eustachio
  7293 | D:6      | Killed Eustachio
  7409 | D:6      | Noticed Maggie
  7413 | D:6      | Killed Maggie
  7453 | D:6      | Reached skill level 10 in Stealth
  8279 | D:6      | Acquired Great Wizards, Vol. VII
  8336 | D:6      | Reached XP level 9. HP: 34/42 MP: 16/20
  8580 | D:6      | Reached skill level 11 in Stealth
  8794 | D:7      | You fall into a shaft and drop 2 floors!
  8805 | D:9      | Noticed Grum
  8814 | D:8      | Reached skill level 1 in Transmutations
  8895 | D:8      | Reached skill level 1 in Poison Magic
  9540 | D:7      | Learned a level 3 spell: Dazzling Flash
  9678 | D:7      | Noticed Menkaure
  9692 | D:7      | Killed Menkaure
  9903 | D:7      | Found a staircase to the Ecumenical Temple.
  9908 | Temple   | Entered the Ecumenical Temple
 10132 | D:7      | Reached skill level 12 in Stealth
 10884 | D:7      | Found a sacrificial altar of Ru.
 10888 | D:7      | Found a blossoming altar of Fedhas.
 10892 | D:7      | Found a hide-covered altar of Uskayaw.
 11057 | D:7      | Noticed a gargoyle
 11059 | D:7      | Noticed a gargoyle
 11059 | D:7      | Noticed a gargoyle
 11059 | D:7      | Noticed a gargoyle
 11059 | D:7      | Noticed a gargoyle
 11077 | D:7      | Killed a gargoyle
 11085 | D:7      | Killed a gargoyle
 11086 | D:7      | Reached skill level 5 in Dodging
 11086 | D:7      | Reached skill level 1 in Evocations
 11086 | D:7      | Reached XP level 10. HP: 26/46 MP: 15/24
 11089 | D:7      | Killed a gargoyle
 11090 | D:7      | Reached skill level 5 in Short Blades
 11090 | D:7      | Reached skill level 13 in Stealth
 11091 | D:7      | Killed a gargoyle
 11111 | D:7      | Killed a gargoyle
 11279 | D:7      | Noticed a gargoyle
 11281 | D:7      | Killed a gargoyle
 12672 | D:8      | Noticed Amaemon
 12674 | D:8      | Noticed an orange demon
 12679 | D:8      | Killed Amaemon
 12680 | D:8      | Reached skill level 14 in Stealth
 12680 | D:8      | Reached skill level 1 in Fire Magic
 12682 | D:8      | Killed an orange demon
 12728 | D:8      | Reached skill level 10 in Spellcasting
 14607 | D:9      | Mangled by Grum

Illustrated notes

Levels and vault maps discovered:
D:1:      grunt_arrival_lava_bath, layout_loops_ring, basic_ecumenical_altar
D:2:      layout_loops_ring
D:3:      layout_basic, okawaru_metal_pillars_1_2
D:4:      cheibrodos_thug_alley, layout_basic, uniq_edmund
D:5:      layout_loops_cross, ebering_ghost_sewer_d, serial_rivers,
          chequers_serial_rivers_marsh, chequers_serial_rivers_room_a,
          chequers_serial_rivers_micro_c, chequers_serial_rivers_marsh,
          chequers_serial_rivers_micro_e, kennysheep_small_spiral
D:6:      layout_basic, uniq_eustachio, uniq_maggie
D:7:      cheibrodos_statue_roulette, layout_basic,
          grunt_temple_overflow_diamond, minmay_temple_entry_nine_rooms,
          chequers_big_river, grunt_ministairs_6, uniq_menkaure
D:8:      layout_basic, uniq_amaemon
D:9:      layout_small_grid, mainiacjoe_overflow_concentric_impassable,
          uniq_grum
Temple:   bh_familiar_temple

Skill      XL: |  1  2  3  4  5  6  7  8  9 10 |
---------------+-------------------------------+-----
Spellcasting   | 3 4 5 7 9 10 | 10.3
Stealth        | 5 6 7 9 10 12 14 | 14.4
Dodging        | 3 4 5 |  5.7
Hexes          | 4 5 6 7 8 |  8.9
Short Blades   | 2 3 4 5 |  5.7
Ice Magic      | 1 2 3 |  3.2
Fighting       | 1 2 |  2.4
Transmutations | 1 |  1.5
Poison Magic   | 1 2 |  2.0
Evocations     | 1 2 |  2.1
Fire Magic     | 1 |  1.1
Throwing       | |  0.2
Conjurations   | |  0.3

Action                   |  1- 3 |  4- 6 |  7- 9 | 10-12 || total
-------------------------+-------+-------+-------+-------++-------
Melee: Dagger            |   131 |    94 |   212 |   127 ||   564
       Punch             |     1 |     1 |     1 |     3 ||     6
Throw: Dart              |       |       |     4 |       ||     4
 Cast: Ensorcelled Hiber |     7 |    18 |    26 |    30 ||    81
       Confusing Touch   |     1 |     4 |    24 |    22 ||    51
       Conjure Flame     |       |       |     5 |       ||     5
       Ignite Poison     |       |       |     7 |     7 ||    14
Evoke: Wand              |       |       |     8 |     3 ||    11
  Use: Scroll            |     3 |     6 |     5 |     3 ||    17
       Potion            |       |       |     5 |     5 ||    10
 Stab: Sleeping          |    13 |    20 |    39 |    25 ||    97
       Confused          |     1 |     2 |    11 |    17 ||    31
       Invisible         |       |       |     1 |     1 ||     2
Armor: Robe              |     9 |    10 |     7 |     4 ||    30
       Skin              |       |       |     2 |       ||     2
Dodge: Dodged            |   102 |    56 |   159 |   106 ||   423
       Repelled          |       |       |     6 |       ||     6
